 Dungeon Crawl Stone Soup version 0.18.1-6-gd335043 (webtiles) character file.

148 Jerry the Caller (level 5, -3/35 HPs)
             Began as a Mummy Wizard on May 19, 2016.
             Killed by divine providence
             ... invoked by an orc priest
              (20 damage)
             ... on level 3 of the Dungeon.
             The game lasted 00:16:38 (3213 turns).

Jerry the Caller (Mummy Wizard)                     Turns: 3213, Time: 00:16:39

Health: -3/35      AC:  6    Str: 11    XL:     5   Next: 8%
Magic:  5/10       EV: 12    Int: 18    God:
Gold:   66         SH:  0    Dex: 10    Spells: 2 memorised, 7 levels left

rFire  x . .     SeeInvis .     k - +0 trident
rCold  + . .     Gourm    .     a - +0 robe
rNeg   + + +     Faith    .     (no shield)
rPois  ∞         Spirit   .     b - +0 hat
rElec  .         Dismiss  .     (no cloak)
rCorr  .         Reflect  .     (no gloves)
SustAt .         Harm     +     (no boots)
MR     .....                    e - amulet of harm
Stlth  ++........               (no ring)
                                d - +4 ring of protection

@: not resistant to hostile enchantments, unstealthy
A: no food or potions, fire vulnerability, cold resistance 1, negative energy
resistance 3, torment resistance, unbreathing
a: no special abilities


You were on level 3 of the Dungeon.
You were not hungry.

You visited 1 branch of the dungeon, and saw 3 of its levels.

You collected 66 gold pieces.

Inventory:

Hand Weapons
 g - a +0 club
 k - a +0 trident (weapon)
Armour
 a - a +0 robe (worn)
 b - a +0 hat (worn)
Jewellery
 d - a +4 ring of protection (left hand)
 e - an amulet of harm (around neck)
Scrolls
 f - 3 scrolls of identify {unknown}
 h - a scroll of recharging {unknown}
 i - a scroll of enchant armour {unknown}
 j - a scroll of immolation {unknown}
Books
 c - a book of Minor Magic

   Spells                             Type                      Level
   a - Magic Dart                     Conjuration                  1
   b - Blink                          Translocation                2
   c - Call Imp                       Summoning                    2
   d - Repel Missiles                 Charms/Air                   2
   e - Slow                           Hexes                        2
   f - Conjure Flame                  Conjuration/Fire             3
   g - Mephitic Cloud                 Conjuration/Poison/Air       3


   Skills:
 - Level 1.5 Dodging
 - Level 1.5 Stealth
 - Level 3.4 Spellcasting
 - Level 0.7 Conjurations
 + Level 3.7 Summonings
   Level 0.7 Translocations


You had 7 spell levels left.
You knew the following spells:

 Your Spells              Type           Power        Failure   Level  Hunger
a - Magic Dart            Conj           #...         12%         1    N/A
b - Call Imp              Summ           ###.....     6%          2    N/A

Dungeon Overview and Level Annotations

Branches:
Dungeon (3/15)

Altars:
Dithmenos


Innate Abilities, Weirdness & Mutations

You do not eat or drink.
Your flesh is vulnerable to fire.
You are immune to poison.
Your flesh is cold resistant.
You are immune to negative energy.
You are immune to unholy pain and torment.
You can survive without breathing.


Message History

The tomahawk closely misses your crimson imp.
Your crimson imp blinks!
The jackal closely misses you.
Your crimson imp disappears in a puff of smoke!
The orc wizard gestures at you while chanting.
The magic dart hits you!
The orc priest casts a cantrip, but nothing happens.
The orc priest calls down the wrath of Beogh upon you.
You are unaffected.
The orc throws a tomahawk.
The tomahawk closely misses you. The jackal barely misses you.
The jackal bites you but does no damage.
The jackal bites you but does no damage.
The orc priest casts a cantrip, but nothing happens.
The jackal misses you.
The orc priest calls upon Beogh to heal something.
The orc priest invokes the aid of Beogh against you.
Beogh smites you!
Ouch! That really hurt!
You die...

#####.#....#.#.##.)(..(.....#
#.#..#.#.#)###############
#.#..#.#.................#
.......................>#.#
##.#...................<#.#
...#....####..#####+##..#.#
.........# ##(# #.##..#.#
######...#####.#####.##..#.#
..........@..........#.#
.##########h####.#.###.# #.
#......o.........###
#.###.##.o.........#
#..#.o...(.....## ###
##.#o...†........ ....
#.....(...)..... .....
#...............
......##...[...........


You could see an orc priest, an orc wizard, an orc and a jackal.

Vanquished Creatures
  A giant frog skeleton (D:3)
  A worm (D:2)
  A giant gecko (D:1)
  An orc (D:3)
  2 giant cockroaches
  11 hobgoblins
  4 jackals
  5 bats
  5 giant newts
  5 goblins (D:2)
  3 kobolds
  10 rats
49 creatures vanquished.

Vanquished Creatures (collateral kills)
  The ghost of Enteridas the Caller, a weakling DESu (D:3)
  An orc priest (D:3)
  An orc wizard (D:3)
  An adder (D:3)
  3 worms
  6 orcs (D:3)
  A kobold (D:1)
  A ball python (D:3)
  A giant newt (D:1)
  A rat (D:3)
17 creatures vanquished.

Grand Total: 66 creatures vanquished

Notes
Turn   | Place    | Note
--------------------------------------------------------------
     0 | D:1      | Jerry the Mummy Wizard began the quest for the Orb.
     0 | D:1      | Reached XP level 1. HP: 13/13 MP: 4/4
   285 | D:1      | Reached XP level 2. HP: 3/19 MP: 1/6
   289 | D:1      | Learned a level 2 spell: Call Imp
   642 | D:1      | Reached skill level 1 in Summonings
  1228 | D:2      | Found a shadowy altar of Dithmenos.
  1374 | D:2      | Reached XP level 3. HP: 15/24 MP: 2/7
  2249 | D:3      | Reached XP level 4. HP: 22/30 MP: 0/9
  2282 | D:3      | Noticed Enteridas's ghost (weakling DESu)
  2355 | D:3      | Killed Enteridas's ghost
  3147 | D:3      | Reached XP level 5. HP: 33/35 MP: 6/10
  3213 | D:3      | Killed from afar by an orc priest

Skill      XL: |  1  2  3  4 |
---------------+-------------+-----
Summonings     | 1 2 3 |  3.7
Dodging        | |  1.5
Stealth        | |  1.5
Spellcasting   | |  3.4
Conjurations   | |  0.7
Translocations | |  0.7

Action                   |  1- 3 |  4- 6 || total
-------------------------+-------+-------++-------
Melee: Unarmed           |    21 |       ||    21
       Club              |   136 |     3 ||   139
       Trident           |       |    43 ||    43
 Cast: Magic Dart        |    40 |       ||    40
       Call Imp          |    10 |    23 ||    33
 Stab: Distracted        |     1 |       ||     1
       Sleeping          |     1 |     1 ||     2
Armor: Robe              |    60 |    15 ||    75
Dodge: Dodged            |   110 |    21 ||   131
